Cogmind - Beta 16.1 @@@ ROGUE MODE // 2026.05.02 @ 22:33:10 Player: IDRpheonix Result: Destroyed by ZU-GB2(R) with Subdweller Laser Performance ------------- Evolutions (0) 0 Regions Visited (3) 600 Robots Destroyed (28) 140 Value Destroyed (589) 589 Prototype IDs (0) 0 Alien Tech Used (0) 0 Bonus (37) 37 TOTAL SCORE: 1366 Bonus ------- Follower Combat Kills 37 Cogmind --------- Core Integrity 0/250 Matter 216/300 Energy 100/100 System Corruption 8% Temperature Cool (6) Movement Rolling (105) Ox1 Location -10/Subcaves Parts ------- > --- POWER (1) -------- (None) > --- PROPULSION (2) --- Armored Wheel Armored Wheel > --- UTILITY (2) ------ High-capacity Storage Unit > --- WEAPON (2) ------- Particle Cannon Subdweller Machine Gun > --- INVENTORY (20) --- Subdweller Power Source Neutrino Core Armored Wheel Improved Heat Sink Weight Redist. System Seismic Detector Targeting Computer Phase Shifter Scrap Shield Particle Cannon Particle Cannon Bore Cannon Grenade Launcher Plasma Flamer Mining Claw Scrap Shield Fragment (49) Scrap Shield Fragment (48) Peak State ------------ > --- POWER ------------ Ion Engine > --- PROPULSION ------- Armored Wheel Armored Wheel > --- UTILITY ---------- High-capacity Storage Unit Sensor Array > --- WEAPON ----------- Particle Cannon Light Cannon > --- INVENTORY -------- Subdweller Power Source Neutrino Core Armored Wheel Armored Wheel Improved Heat Sink Weight Redist. System Seismic Detector Targeting Computer Phase Shifter Scrap Shield Particle Cannon Particle Cannon Subdweller Machine Gun Bore Cannon Grenade Launcher Plasma Flamer Mining Claw Scrap Shield Fragment Scrap Shield Fragment [Rating: 15] Favorites ----------- Power Ion Engine Engine Ion Engine Propulsion Wheel Wheel Wheel Utility Improved Terrain Scanner Device Improved Terrain Scanner Storage High-capacity Storage Unit Protection Light Armor Plating Weapon Mining Laser Energy Gun Medium Laser Energy Cannon Beam Cannon Ballistic Gun Subdweller Machine Gun Ballistic Cannon Light Cannon Special Weapon Mining Laser Slashing Weapon Mining Claw Build | -11 -10 -10 -10 ------- Run | Yrd Mat Min Sub Slots Evolved . | . . . . Power . | . . . . Propulsion . | . . . . Utility . | . . . . Weapon . | . . . . Parts Attached 24 | 8 7 4 5 Power 3 | 1 1 1 . Engine 3 | 1 1 1 . Core . | . . . . Reactor . | . . . . Propulsion 8 | 2 3 1 2 Treads . | . . . . Leg . | . . . . Wheel 8 | 2 3 1 2 Hover . | . . . . Flight . | . . . . Utility 5 | 2 1 1 1 Device 2 | 1 . . 1 Storage 2 | 1 1 . . Processor . | . . . . Hackware . | . . . . Protection 1 | . . 1 . Artifact . | . . . . Weapon 8 | 3 2 1 2 Energy Gun 2 | 2 . . . Energy Cannon 2 | . 1 . 1 Ballistic Gun 1 | . . . 1 Ballistic Cannon 1 | . 1 . . Launcher . | . . . . Special Weapon 1 | 1 . . . Impact Weapon . | . . . . Slashing Weapon 1 | . . 1 . Piercing Weapon . | . . . . Special Melee Weapon . | . . . . Unidentified Prototypes . | . . . . Parts Lost 11 | . 5 3 3 Power 1 | . . . 1 Propulsion 4 | . 3 1 . Utility 2 | . . 1 1 Weapon 4 | . 2 1 1 Highest Loss Streak 2 | . 2 2 2 To Critical Strikes . | . . . . Average Backups 11 | 2 13 19 17 Power . | . . 1 2 Propulsion 2 | . 1 3 2 Utility 2 | . 4 4 5 Weapon 4 | . 5 9 7 Tool/Special . | . . . . Unused Backups 34 | . 11 2 21 Power 4 | . . . 4 Propulsion 5 | . 2 . 3 Utility 8 | . 1 1 6 Weapon 16 | . 8 . 8 Tool/Special 1 | . . 1 . Average Slot Usage (%) 98 | . 97 99 97 Engine 13 | . 13 14 13 Wheel 27 | . 26 28 28 Device 8 | . 14 1 9 Storage 14 | . 14 14 14 Protection 5 | . . 11 3 Energy Gun 2 | . 5 . . Energy Cannon 12 | . 10 14 14 Ballistic Cannon 9 | . 9 8 10 Special Weapon 2 | . 1 4 . Peak Build Rating 15 | 9 12 12 15 Average Rating 9 | 8 9 10 13 On Entrance 8 | . 9 12 11 Avg Prop Armor Cover (%) . | . . . . Naked Turns . | . . . . Heaviest Build 54 | 13 52 54 54 Greatest Support 32 | 20 32 32 28 Greatest Overweight (x) 5 | . 5 1 4 Average Overweight (x) . | . 1 1 1 Largest Inventory Capacity 20 | 8 20 20 20 Average Capacity 14 | 7 16 20 20 Most Carried 20 | 3 20 20 20 Average Carried 11 | 2 13 19 19 Final Capacity 20 | 8 20 20 20 Final Carried 20 | 3 20 18 18 Class Distribution -------------------- 100% | Mutant Dominant Class ---------------- Mutant | -10/Materials Mutant | -10/Mines Mutant | -10/Subcaves Resources | -11 -10 -10 -10 ----------- Run | Yrd Mat Min Sub Matter Collected 601 | 239 196 113 53 Remotely . | . . . . Salvage Created 790 | 46 462 239 43 Parts 56 | 10 38 7 1 Haulers Intercepted 1 | . 1 . . Recyclers Shooed . | . . . . Parts Field Recycled . | . . . . Retrieved Matter . | . . . . Parts Self-Destructed . | . . . . Prevented . | . . . . Parts Restored . | . . . . Kills | -11 -10 -10 -10 ------- Run | Yrd Mat Min Sub Combat Hostiles Destroyed 23 | . 18 4 1 Guns 4 | . 4 . . Cannons 19 | . 14 4 1 Classes Destroyed 6 | 1 3 1 1 Tunneler 3 | 3 . . . Hauler 1 | . 1 . . Recycler 1 | . . 1 . Swarmer 11 | . 11 . . Grunt 11 | . 7 4 . Subdweller 1 | . . . 1 Best Kill Streak 4 | 1 4 2 1 Combat Bots Only 3 | . 3 2 1 Max Kills in Single Turn 1 | 1 1 1 1 Gunslinging . | . . . . Exploded . | . . . . Melee . | . . . . Uniques/NPCs Destroyed . | . . . . Combat | -11 -10 -10 -10 -------- Run | Yrd Mat Min Sub Hostile Shots Fired 125 | 1 71 28 25 Missed 38 | . 20 10 8 Hits 87 | 1 51 18 17 Melee 1 | 1 . . . Projectile 86 | . 51 18 17 Damage Taken 1278 | 17 485 412 364 Core 259 | . 93 61 105 Absorbed by Shields . | . . . . Core Remaining (%) 100 | 100 . . . Volleys Fired 247 | 170 40 29 8 Largest 2 | 2 2 2 2 Hottest 150 | 100 150 100 98 Shots Fired 311 | 172 75 46 18 Gun 35 | 5 28 . 2 Cannon 96 | . 45 35 16 Launcher . | . . . . Special 180 | 167 2 11 . Kinetic 47 | . 21 17 9 Thermal 246 | 170 38 29 9 Explosive . | . . . . Electromagnetic 18 | 2 16 . . Robot Hit Streak 9 | 2 9 3 5 Robot Miss Streak 3 | 1 2 3 3 Penetration Max . | . . . . Secondary Targets 1 | . 1 . . Max Gunslinging Chain 1 | . 1 . . Shots Hit Robots 81 | 3 49 18 11 Core Hits 37 | 3 23 7 4 Critical Kills . | . . . . Critical Parts Destroyed . | . . . . Critical Strikes 2 | . 2 . . Burn 2 | . 2 . . Melee Attacks 1 | . . 1 . Impact . | . . . . Slashing 1 | . . 1 . Piercing . | . . . . Sneak Attacks . | . . . . Combat Hostiles . | . . . . Follow-up Attacks . | . . . . Damage Inflicted 1424 | 85 788 337 214 Guns 340 | 37 257 . 46 Cannons 1036 | . 531 337 168 Explosions . | . . . . Melee . | . . . . Ramming . | . . . . Kinetic 465 | . 202 147 116 Thermal 815 | 85 442 190 98 Explosive . | . . . . Electromagnetic 144 | . 144 . . Impact . | . . . . Slashing . | . . . . Piercing . | . . . . Highest Corruption 8 | . . 8 8 Average Corruption 8 | . . 8 8 Corruption Purged . | . . . . Corruption Blocked . | . . . . Effects 12 | . . 1 11 Message Errors 1 | . . . 1 Matter Fused 5 | . . 1 4 Heat Flow Errors 3 | . . . 3 Parts Rejected 1 | . . . 1 Misfires 2 | . . . 2 Overload Shots . | . . . . Overflow Damage . | . . . . Projectiles . | . . . . Explosions . | . . . . Melee . | . . . . Knockbacks 4 | . 3 1 . Impact . | . . . . Kinetic 4 | . 3 1 . Secondary . | . . . . Self-Inflicted Damage . | . . . . Shots . | . . . . Rammed . | . . . . Targets Rammed . | . . . . Kicked . | . . . . Crushed . | . . . . Highest Temperature 337 | 180 250 337 223 Average Temperature 72 | 57 74 136 108 Received Heat Transfer 297 | . 120 144 33 Siege Activations . | . . . . Martial Activations . | . . . . Shielding Activations . | . . . . Robots Disrupted . | . . . . Combat Hostiles . | . . . . Robots Corrupted . | . . . . Combat Hostiles . | . . . . Parts Fried 1 | . 1 . . Impact Corruptions . | . . . . Robots Melted . | . . . . Combat Hostiles . | . . . . Parts Melted 5 | . 4 1 . Heat Transferred 1987 | 211 1184 407 185 Parts Sabotaged . | . . . . Parts Stolen . | . . . . Parts Stripped . | . . . . Power Chain Reactions . | . . . . Alert | -11 -10 -10 -10 ------- Run | Yrd Mat Min Sub Maximum Alert Level . | . . . . Low Security (%) 100 | 100 100 100 . Level 1 . | . . . . Level 2 . | . . . . Level 3 . | . . . . Level 4 . | . . . . Level 5 . | . . . . High Security . | . . . . Max Security . | . . . . Peak Influence 131 | 5 131 56 . Initial 21 | . . 21 . Average 20 | . 59 11 . Influence Increases 640 | 15 473 152 . Destroy 0b10 Robot/C 460 | . 360 100 . Destroy 0b10 Robot/NC 25 | 15 5 5 . Destroy Leader 112 | . 82 30 . Allied During Kill 10 | . . 10 . Successful Hack 5 | . 5 . . Disable Machine 15 | . 15 . . Destroy Structure 13 | . 6 7 . Influence Decreases 640 | 15 418 207 . Entered New Map 34 | . . 34 . Time Decay 450 | 15 264 171 . Lost Part 52 | . 50 2 . Purge Threat 104 | . 104 . . Squads Dispatched 5 | . 5 . . Investigation 3 | . 3 . . Extermination . | . . . . Reinforcement 2 | . 2 . . Assault . | . . . . Garrison . | . . . . Intercept . | . . . . Searches Triggered . | . . . . Construction Impeded . | . . . . Haulers Reinforced . | . . . . Active Scanning Responses . | . . . . Cargo Convoy Interrupts . | . . . . Stealth | -11 -10 -10 -10 --------- Run | Yrd Mat Min Sub Distress Signals 1 | . 1 . . Communications Jammed . | . . . . Distress Signals . | . . . . Times Spotted 46 | 2 26 7 11 Peak Tracking Total 9 | 2 7 3 9 Tactical Retreats . | . . . . Traps | -11 -10 -10 -10 ------- Run | Yrd Mat Min Sub Traps Triggered 3 | . 3 . . Indirectly . | . . . . Trap Hack Attempts . | . . . . Triggered . | . . . . Disarmed . | . . . . Reprogrammed . | . . . . Reused . | . . . . Traps Extracted . | . . . . Installed . | . . . . Triggered . | . . . . Machines | -11 -10 -10 -10 ---------- Run | Yrd Mat Min Sub Machines Disabled 1 | . 1 . . Max in Single Turn 1 | . 1 . . Machines Repaired . | . . . . Machines Dismantled . | . . . . Machines Sabotaged . | . . . . Overloaded Fab Kills . | . . . . Hacking | -11 -10 -10 -10 --------- Run | Yrd Mat Min Sub Machines Accessed 4 | . 3 1 . Terminals 3 | . 3 . . Fabricators . | . . . . Repair Stations . | . . . . Recycling Units . | . . . . Scanalyzers . | . . . . Garrison Access . | . . . . Total Hacks 9 | . 8 1 . Successful 5 | . 4 1 . Failed 4 | . 4 . . Catastrophic 1 | . 1 . . Database Lockouts . | . . . . Manual 1 | . 1 . . Terminals 8 | . 8 . . Fabricators . | . . . . Repair Stations . | . . . . Recycling Units . | . . . . Scanalyzers . | . . . . Garrison Access . | . . . . Terminal Hacks 5 | . 4 1 . Record 1 | . 1 . . Robot Analysis 1 | . 1 . . Open Door 1 | . . 1 . Unreport Threat 1 | . 1 . . Zone Layout 1 | . 1 . . Fabricator Hacks . | . . . . Repair Station Hacks . | . . . . Recycling Unit Hacks . | . . . . Scanalyzer . | . . . . Garrison Access Hacks . | . . . . Unauthorized Hacks . | . . . . Terminals . | . . . . Fabricators . | . . . . Repair Stations . | . . . . Recycling Units . | . . . . Scanalyzers . | . . . . Garrison Access . | . . . . Data Cores Recovered . | . . . . Used . | . . . . Hacking Detections 2 | . 2 . . Full Trace Events . | . . . . Feedback Events . | . . . . Feedback Blocked . | . . . . Robot Schematics Acquired . | . . . . Robots Built . | . . . . Authchips . | . . . . Time . | . . . . Total Robot Build Rating . | . . . . Part Schematics Acquired . | . . . . Parts Built . | . . . . Authchips . | . . . . Time . | . . . . Total Part Build Rating . | . . . . Part Studies Acquired . | . . . . Parts Repaired . | . . . . Time . | . . . . Parts Recycled . | . . . . Recycled Matter . | . . . . Retrieved Matter . | . . . . Retrieved Components . | . . . . Parts Scanalyzed . | . . . . Part Schematics Acquired . | . . . . Parts Damaged . | . . . . Bothacking | -11 -10 -10 -10 ------------ Run | Yrd Mat Min Sub Used RIF Installer . | . . . . Robots Hacked . | . . . . Non-combat . | . . . . Combat . | . . . . Robot Hacks Applied . | . . . . Relay Couplers Released . | . . . . Fabnet Peak Effective % . | . . . . Robots Rewired . | . . . . Allies Hacked . | . . . . Hacks Repelled . | . . . . Allies | -11 -10 -10 -10 -------- Run | Yrd Mat Min Sub Total Allies 2 | . . 2 . Largest Group 2 | . . 2 2 Highest-Rated Group 50 | . . 50 50 Highest-Rated Ally 31 | . . 31 31 Total Orders . | . . . . Ally Attacks 15 | . . 3 12 Total Damage 170 | . . 22 148 Kills 2 | . . 1 1 Allies Corrupted . | . . . . Allies Melted . | . . . . Intel | -11 -10 -10 -10 ------- Run | Yrd Mat Min Sub Active Infowar (turns) 2209 | 1123 766 94 226 Sensors 226 | . . . 226 Terrain 1983 | 1123 766 94 . Robot Analysis Total 1 | . 1 . . Derelict Logs Recovered 2 | . . 2 . Drone Launches . | . . . . Drone Recoveries . | . . . . Exploration | -11 -10 -10 -10 ------------- Run | Yrd Mat Min Sub Turns Passed 2950 | 1167 766 696 321 Spaces Moved 1756 | 510 531 487 228 Core 2 | 2 . . . Treads . | . . . . Legs . | . . . . Wheels 1754 | 508 531 487 228 Hover . | . . . . Flight . | . . . . Fastest Speed 50 | 50 80 110 105 Average Speed 102 | 79 105 114 115 Slowest Speed 155 | 80 155 115 150 Overloaded Moves . | . . . . Propulsion Burnouts . | . . . . Robots Hopped . | . . . . Potential Cave-ins 2 | . . 2 . Cave-ins Triggered 1 | . . 1 . Exploration Rate (%) 49 | 22 74 83 17 Regions Visited 3 Branch Regions 2 Pre-discovered Areas . | . . . . Known Exits Taken 1 | . . 1 . Unknown Exits Taken 2 | 1 1 . . Scrap Searched 1 | . . 1 . Spaces Dug 59 | 48 . 11 . Terrain Destroyed 86 | 74 1 11 . Melee 1 | . . 1 . Projectile 85 | 74 1 10 . AOE . | . . . . Terrain Rammed . | . . . . Walls Destroyed . | . . . . Machines Disabled . | . . . . Actions | -11 -10 -10 -10 --------- Run | Yrd Mat Min Sub Total 2247 | 759 662 552 274 Wait 129 | 69 34 23 3 Move 1753 | 509 530 486 228 Hop . | . . . . Pick Up 56 | 3 35 3 15 Fast Attach 9 | 7 1 1 . Attach 12 | . 5 3 4 Detach . | . . . . Swap 9 | 1 3 3 2 Drop 31 | . 14 3 14 Fire 247 | 170 40 29 8 Melee 1 | . . 1 . Ram . | . . . . Kick . | . . . . Crush . | . . . . Escape Stasis . | . . . . Rewire . | . . . . Trap . | . . . . Miscellaneous . | . . . . Route ------- -11/Scrapyard -10/Materials (discovered 3 exits: [*Mat x2] / *Min) -10/Mines (discovered 3 exits: [*Mat x2] / *Sub) -10/Subcaves History --------- Turn | Location | Event 22 | -11/Scrapyard | Discovered new exit (range 15) 985 | -11/Scrapyard | Assembled infested the area 1168 | -11/Scrapyard | Entered Materials 1169 | -10/Materials | Build established: Mutant 1283 | -10/Materials | Discovered new exit (range 16) 1389 | -10/Materials | Discovered new exit (range 12) 1515 | -10/Materials | Discovered new exit (range 5) 1934 | -10/Materials | Entered Mines 2002 | -10/Mines | Discovered new exit (range 6) 2072 | -10/Mines | Identified exit to Subcaves 2074 | -10/Mines | Learned location of 2 exits from Materials 2166 | -10/Mines | Core integrity fell below 50% 2409 | -10/Mines | Met a Derelict who couldn't figure out how to use a Trap Extractor 2430 | -10/Mines | Discovered new exit (range 8) 2489 | -10/Mines | A weapon hastily lodged in a ceiling crevice suddenly fell to the ground 2622 | -10/Mines | Crushed by falling debris 2630 | -10/Mines | Entered Subcaves 2630 | -10/Subcaves | Accompanied by 2 allies 2631 | -10/Subcaves | Approached by a straggling Scientist 2635 | -10/Subcaves | Led the pair of lost Derelicts to an unsafe place 2855 | -10/Subcaves | Ambushed by swarm of Subdwellers 2875 | -10/Subcaves | Shifting Twisted Machinery released Battle Rifle 2880 | -10/Subcaves | Shifting Twisted Machinery released Flamer 2892 | -10/Subcaves | Lost 3 allies 2909 | -10/Subcaves | Core integrity fell below 20% 2920 | -10/Subcaves | Shifting Twisted Machinery released Sub. Beam Cannon 2951 | -10/Subcaves | Destroyed by ZU-GB2(R) with Subdweller Laser Last Messages --------------- 02797_ Subatomizers dissect the Myomer Leg. 02823_ System corrupted: Matter fused (-9). AO-NQZ(c): "I think it's somewhere east of here" 02838_ JS5M=BTSAMVWVI OWOGQ>KLPXEF,> RB LEJBH 02855_ AO-NQZ(c) suffers critical hit (Destroy). 02855_ AO-NQZ(c) destroyed. 02857_ XE-FE1(R) emerges from the Twisted Machinery. 02857_ HE-OMK(R) angrily emerges from the Twisted Machinery. 02858_ KL-15U(g) destroyed. 02859_ System corrupted: Matter fused (-5). 02861_ TP-BRA(z) destroyed. 02862_ Lgt. Cannon destroyed. Battle Rifle falls loose from the Twisted Machinery. Flamer falls loose from the Twisted Machinery. 02913_ System corrupted: Arm. Wheel rejected. Sub. Beam Cannon falls loose from the Twisted Machinery. 02927_ Sensor Array destroyed. 02941_ System corrupted: FCS attempts to trigger Sub. Machine Gun. 02941_ System corrupted: Sub. Machine Gun misfires. 02944_ Ion Engine destroyed. Map ----- +----------------------------------------------------+ | ????# # """ ##??????????????????????????? | | ?##### # """ #???????????????????????????? | | ## ## """ ###"|#???????????????????????????? | | # #"""" "#?#" #???????????????????????????? | | # ##"###" " ???" #???????????????????????????? | | ## =#####??" "???? #???????????????????????????? | | ## #?????? """? ???????????????????????????? | | # #??????? ?##???????????????????????????? | | ## ###??????? #?????????????????????????????? | | ?## #?????? #??????????????????????????????? | | ??# ####?? #???????????????????????????????? | | ?## ### #???????????????????????????????? | | ?# " ### #???????????????????????????????? | | ?# ""## ##??????????????????????????????? | | ?# "### ##?###?????????????????????????? | | ## # "##" ## #?????????????????????????? | | # ## "#"" ??????????????????????????? | | # ]" "# ???????????????????????????? | | ### """ ## ????????????????????????????? | | ??## "## #### # ##????????????????????????????? | | ???# #?# ## # #????????????????????????????? | | ???# ??# #?????????????????????????????? | | ???# ??# # ##?####???????????????????????? | | ???? ??## ##### ### ##??????????????????????? | | ????????####???# RR #??????????????????????? | | ???????????????## @#??????????????????????? | | ????????????????### #?????????????????????? | | ??????????????????# #????????????????????? | | ????????????????# ## ??????????????????? | | ????????????????# ### #????????????????? | | ???????????????# ## ?# # #????????????????? | | ?????????????? ?# ####### ???????????????? | | ????????????? ?###?????? ??????????????? | | ???????????? ??????????? ?????????????? | | ??????????? ??????????? ????????????? | | ???????????# ## ???????????? u ????????????? | | ???????????? ?# "???????????? ## ????????????? | | ???????????????# "??????????????##???????????????? | | ????????????????#"???????????????????????????????? | | ?????????????????????????????????????????????????? | | ?????????????????????????????????????????????????? | | ?????????????????????????????????????????????????? | | ?????????????????????????????????????????????????? | | ?????????????????????????????????????????????????? | | ?????????????????????????????????????????????????? | | ?????????????????????????????????????????????????? | | ?????????????????????????????????????????????????? | | ?????????????????????????????????????????????????? | | ?????????????????????????????????????????????????? | | ?????????????????????????????????????????????????? | +----------------------------------------------------+ Best States ------------- Heat Dissipation 25 Energy Generation 10 Energy Capacity 250 Matter Stores 300 Matter Capacity 300 Sight Range 16 Robot Scan Range 14 Terrain Scan Range 16 Terrain Scan Density 10 Armor Coverage 150 Evasion (%) 44 Item Schematics ----------------- None Robot Schematics ------------------ None Fabricated ------------ Nothing Repaired ---------- Nothing Studied --------- None Alien Tech Used ----------------- None Achievements -------------- Curiosity Killed The Cat Unlikely Earthworm Challenges ------------ None Game ------ Seed PartitionExpertDetonator Manual? 0 Play Time 00:53:14 Cumulative 18.3 hours Start 2026.05.02 @ 21:18:49 End 2026.05.02 @ 22:33:10 Sessions 1 Manual Loads 0 Difficulty Rogue Special Mode None Game No. 16 Rogue 16 Adventurer 0 Explorer 0 Win Type - Total 0 Types 0/0/0/0/0/0/0/0/0/0 Lore% 15 Gallery% 15 Achievement% 14 Wizard Run 0 Options --------- Layout 0 ASCII 1 Keyboard 1 Movement Numpad Keybinds 0 Fullscreen 1 Font 16/SmallcapsGlow Map View 75x55 Zoom Use 0% Tactical HUD 1 Map Filters NONE Filters NONE Steam 1 RUN: ca8b808e-7f86-44a9-b035-dc629f7a6f82